 Dungeon Crawl Stone Soup version 0.28-a0-691-gad6df49e81 (webtiles) character file.

Game seed: 10537878817828067774

8 shoop the Vexing (level 2, -3/21 HPs)
             Began as a Barachi Arcane Marksman on Oct 21, 2021.
             Slain by a quokka (5 damage)
             ... on level 1 of the Dungeon.
             The game lasted 00:01:32 (527 turns).

shoop the Vexing (Barachi Arcane Marksman)           Turns: 527, Time: 00:01:33

Health: -3/21      AC:  2    Str: 11    XL:     2   Next: 8%
Magic:  3/3        EV: 12    Int: 13    God:
Gold:   7          SH:  0    Dex: 12    Spells: 3/3 levels left

rFire   . . .      SeeInvis .   a - +0 hunting sling
rCold   . . .      Faith    .   (no shield)
rNeg    . . .      Spirit   .   d - +0 robe
rPois   .          Reflect  .   (no helmet)
rElec   .          Harm     .   (no cloak)
rCorr   .          Rampage  .   (no gloves)
Will    .....                   (no boots)
Stlth   +.........              (no amulet)
HPRegen 0.07/turn               (no ring)
MPRegen 0.08/turn               (no ring)

@: unable to hop, slow
A: amphibious, slowness 1, strong legs 1, +LOS
a: Hop


You were on level 1 of the Dungeon.
You visited 1 branch of the dungeon, and saw 1 of its levels.

You collected 7 gold pieces.

Inventory:

Hand Weapons
 a - a +0 hunting sling (weapon)
 b - a +0 spear
Missiles
 c - 23 sling bullets
 e - 6 stones (quivered ammo)
Armour
 d - a +0 robe (worn)
Scrolls
 f - a scroll of fear {unknown}
Potions
 g - 2 potions of haste {unknown}


   Skills:
 - Level 1.2 Fighting
 * Level 2.5 Slings
 - Level 2.1 Dodging
 + Level 0.7 Stealth
 - Level 1.1 Spellcasting
 - Level 3.2 Hexes


You had 3 spell levels left.
You didn't know any spells.
Your spell library contained the following spells:

 Spells                   Type           Power      Damage    Failure   Level
 Slow                     Hex            9%         N/A       11%         2
 Inner Flame              Hex/Fire       4%         N/A       38%         3
 Portal Projectile        Hex/Tloc       8%         N/A       38%         3
 Cause Fear               Hex            4%         N/A       58%         4


Dungeon Overview and Level Annotations

Branches:
Dungeon (1/15)

Altars:


Innate Abilities, Weirdness & Mutations

You are amphibious.
You cover ground slowly.
You can hop short distances.
You have an extended range of vision and can be seen from far away.


Message History

Press: ? - help, Shift-Dir - straight line, f/p - quokka
Aim: a quokka (severely wounded, 46% to hit)
You shoot a sling bullet.
The sling bullet hits the quokka but does no damage.
The quokka is severely wounded.
The quokka bites you but does no damage.
Fire: 28 sling bullets
Press: ? - help, Shift-Dir - straight line, f/p - quokka
Aim: a quokka (severely wounded, 46% to hit)
You shoot a sling bullet.
The sling bullet closely misses the quokka.
The quokka closely misses you.
Unknown command.
Fire: 27 sling bullets
Press: ? - help, Shift-Dir - straight line, f/p - quokka
Aim: a quokka (severely wounded, 46% to hit)
You shoot a sling bullet.
The sling bullet completely misses the quokka.
The quokka twitches its whiskers.
The quokka misses you.
Fire: 26 sling bullets
Press: ? - help, Shift-Dir - straight line, f/p - quokka
Aim: a quokka (severely wounded, 46% to hit)
You shoot a sling bullet.
The sling bullet closely misses the quokka.
The quokka bites you but does no damage. x2
Fire: 25 sling bullets
Press: ? - help, Shift-Dir - straight line, f/p - quokka
Aim: a quokka (severely wounded, 46% to hit)
You shoot a sling bullet.
The sling bullet hits the quokka but does no damage.
The quokka is severely wounded.
The quokka bites you.
* * * LOW HITPOINT WARNING * * *
Fire: 24 sling bullets
Press: ? - help, Shift-Dir - straight line, f/p - quokka
Aim: a quokka (severely wounded, 46% to hit)
You shoot a sling bullet. The sling bullet misses the quokka.
The quokka barely misses you. The quokka bites you.
You die...

#......# #†#
#.###..########'##
..###............#
..................#
##.. #.............#
....##.............#
...#......)......######
#.#....................
##.
#......@........#######


P.PP ##....r.........# P≈PP #..............# ≈≈≈P. #....###########
≈≈♣≈.#######(..# ♣≈≈P≈.†...(.>.# ♣≈≈≈P#.#####.[# ♣P♣♣≈≈..## #..# PPPP♣P...# #..#
You could see a quokka.

Vanquished Creatures
  2 goblins (D:1)
  A kobold (D:1)
  A quokka (D:1)
  2 ball pythons (D:1)
  A bat (D:1)
  A rat (D:1)
8 creatures vanquished.

Vanquished Creatures (others)
  A plant (D:1)
1 creature vanquished.

Grand Total: 9 creatures vanquished

Notes
Turn   | Place    | Note
-------+----------+-------------------------------------------
     0 | D:1      | shoop the Barachi Arcane Marksman began the quest for the
                  | Orb.
     0 | D:1      | Reached XP level 1. HP: 15/15 MP: 2/2
   406 | D:1      | Reached XP level 2. HP: 21/21 MP: 3/3
   527 | D:1      | Slain by a quokka

Illustrated notes

Levels and vault maps discovered:
D:1:      giann_bridges, layout_basic, ebering_ecumenical_altar_sacrificial,
          serial_bayou_lagoon_a

Action                   || total
-------------------------++-------
Melee: Spear             ||    35
 Fire: Hunting sling     ||    13
 Abil: Hop               ||     1
Armor: Robe              ||     9
Dodge: Dodged            ||    27

Table legend: (Time is in decaauts)
 A = Elapsed time spent in this place.
 B = Non-inter-level travel time spent in this place.
 C = Inter-level travel time spent in this place.
 D = Time resting spent in this place.
 E = Time spent auto-exploring this place.
 F = Levels seen in this place.
 G = Mean time per level.
                   A        B        C        D        E       F      G
               +--------+--------+--------+--------+--------+-----+--------+
         Total |    564 |    564 |      0 |    211 |    230 |   1 |  564.0 |
       Dungeon |    564 |    564 |      0 |    211 |    230 |   1 |  564.0 |
               +--------+--------+--------+--------+--------+-----+--------+

Top non-repeatable levels by time:
     D:1: 564 daAuts
